 Dungeon Crawl Stone Soup version 0.28-a0-1236-gb25a51b929 (webtiles) character file.

Game seed: 380688433780283238

51 croobank the Gusty (level 3, -1/24 (25) HPs)
             Began as a Palentonga Air Elementalist on Dec 25, 2021.
             Slain by Robin (3 damage)
             ... on level 2 of the Dungeon.
             The game lasted 00:11:06 (1402 turns).

croobank the Gusty (Palentonga Air Elementalist)    Turns: 1402, Time: 00:11:07

HP:   -1/24 (25)    AC:  6    Str: 11    XL:     3   Next: 58%
MP:   0/6           EV: 10    Int: 17    God:
Gold: 33            SH:  0    Dex: 10    Spells: 2/6 levels left

rFire   + . .      SeeInvis +   c - +0 short sword
rCold   . . .      Faith    .   (no shield)
rNeg    . . .      Spirit   .   a - +0 robe
rPois   .          Reflect  .   e - +2 hat
rElec   .          Harm     .   (no cloak)
rCorr   .          Rampage  .   (no gloves)
Will    .....                   (no barding)
Stlth   ++........              (no amulet)
HPRegen 0.08/turn               f - ring of protection from fire
MPRegen 0.10/turn               (no ring)

@: studying Long Blades, lightly drained, very slow
A: large, rugged brown scales 3, see invisible, deformed body, roll 1, armoured
tail
a: Rolling Charge


You were on level 2 of the Dungeon.
You visited 1 branch of the dungeon, and saw 2 of its levels.

You collected 33 gold pieces.

Inventory:

Hand Weapons
 c - a +0 short sword (weapon)
 j - a +0 war axe
Missiles
 d - 34 stones
Armour
 a - a +0 robe (worn)
 e - a +2 hat (worn)
 h - a +0 scale mail
Jewellery
 f - a ring of protection from fire (left hand)


   Skills:
 + Level 2.0 Dodging
 + Level 1.6 Stealth
 + Level 2.4 Spellcasting
 + Level 1.5 Conjurations
 + Level 2.8 Air Magic


You had 2 spell levels left.
You knew the following spells:

 Your Spells              Type           Power      Damage    Failure   Level
a - Shock                 Conj/Air       36%        1d5       8%          1
b - Magic Dart            Conj           28%        1d4       10%         1
c - Static Discharge      Conj/Air       9%         N/A       12%         2

Your spell library contained the following spells:

 Spells                   Type           Power      Damage    Failure   Level
 Searing Ray              Conj           14%        2d5       16%         2
 Swiftness                Air            11%        N/A       19%         3
 Dazzling Flash           Conj/Hex       8%         N/A       38%         3
 Airstrike                Air            5%         N/A       52%         4
 Fulminant Prism          Conj/Hex       2%         3d6       80%         4
 Iskenderun's Mystic Bla  Conj/Tloc      4%         2d3       80%         4
 Starburst                Conj/Fire      2%         6d3       100%        6


Dungeon Overview and Level Annotations

Branches:
Dungeon (2/15)

Altars:

Annotations:
D:2 Robin, Sigmund


Innate Abilities, Weirdness & Mutations

You are completely covered in rugged brown scales. (AC +3, +7% HP)
You have supernaturally acute eyesight. (SInv)
Armour fits poorly on your strangely shaped body.
You can roll at nearby foes to attack.
You have a long armoured tail.


Message History

You kill the goblin!
You hear a splash.
The goblin hits you but does no damage.
Sigmund splashes around in the water.
You miss the goblin. The goblin hits you but does no damage.
The goblin closely misses you. The goblin hits you with a +0 dagger.
* * * LOW HITPOINT WARNING * * *
You hit the goblin. You tail-slap the goblin.
You kill the goblin!
You hear a splash.
Sigmund splashes around in the water.
The goblin hits you but does no damage.
The frilled lizard bites you but does no damage.
Robin throws the goblin at you!
The goblin hits you with a +1 dagger of draining.
* * * LOW HITPOINT WARNING * * *
You feel drained.
* * * LOW HITPOINT WARNING * * *
Items here: ))))) ††††.
The goblin no longer looks unusually strong.
Robin roars a battlecry!
The goblin goes into a battle-frenzy!
The frilled lizard barely misses you. Robin hits you with a +0 spear.
* * * LOW HITPOINT WARNING * * *
Sigmund breathes a few words.
Sigmund's hands start flickering wildly.
Casting: Static Discharge (safe; 12% risk of failure)
Confirm with . or Enter, or press ? or * to list all spells.
Aiming: Shock (safe; 8% risk of failure)
Press: ? - help, Shift-Dir - straight line, f - goblin
Aim: a goblin, wielding a +0 dagger (strong, 60% to hit)
The zap hits the goblin.
The goblin is severely wounded.
The zap hits the goblin.
The goblin is moderately wounded.
The zap hits the jackal.
The jackal is moderately wounded.
The zap misses the adder.
The goblin splashes around in the water.
The frilled lizard bites you but does no damage.
Robin hits you with a +0 spear.
You die...

.... #....#..≈≈≈≈ ≈≈≈
.... .......≈≈≈####
..... #...#.≈≈≈≈#.. #
.#######...#.≈≈≈≈#. .+
#......#...#.≈@≈≈# ..#
.......#...#hhS≈≈#######
...[.......# #g≈≈≈≈≈≈≈≈≈
.w.....##..# ##gl≈≈≈≈≈≈≈
l###.....g.####g@≈≈≈≈≈≈≈
.###...........w##≈≈≈###
g.....g.........# #....
g...#...........# ###
................#
....#...........#
....#...........#
....#....####+###
#####....#


You could see Sigmund, Robin, an adder, a dart slug, 2 jackals, 2 goblins and a
frilled lizard.

Vanquished Creatures
  A dart slug (D:1)
  4 endoplasms (D:1)
  A giant cockroach (D:1)
  11 goblins
  9 hobgoblins
  2 quokkas (D:1)
  2 ball pythons (D:1)
  3 bats (D:1)
  5 frilled lizards (D:1)
  2 kobolds (D:1)
  2 rats (D:1)
42 creatures vanquished.

Notes
Turn   | Place    | Note
-------+----------+-------------------------------------------
     0 | D:1      | croobank the Palentonga Air Elementalist began the quest
                  | for the Orb.
     0 | D:1      | Reached XP level 1. HP: 13/13 MP: 3/3
   188 | D:1      | Reached skill level 1 in Conjurations
   343 | D:1      | Reached XP level 2. HP: 14/20 MP: 0/5
   779 | D:1      | Learned a level 1 spell: Magic Dart
   782 | D:1      | Learned a level 2 spell: Static Discharge
  1022 | D:1      | Reached XP level 3. HP: 25/25 MP: 4/6
  1344 | D:2      | Noticed Robin
  1371 | D:2      | Noticed Sigmund
  1402 | D:2      | Slain by Robin

Illustrated notes

Levels and vault maps discovered:
D:1:      onia_arrival_mini_maze_b, layout_basic
D:2:      layout_basic, nicolae_ecumenical_lake_church, serial_curves,
          eino_curves_01, eino_curves_03, uniq_robin, uniq_sigmund, uniq_terence

Skill      XL: |  1  2  3 |
---------------+----------+-----
Conjurations   | 1 |  1.5
Dodging        | 2 |  2.0
Stealth        | |  1.6
Spellcasting   | |  2.4
Air Magic      | |  2.8

Action                   || total
-------------------------++-------
Melee: Unarmed           ||    24
       Tailslap          ||     6
       Short sword       ||    52
 Cast: Shock             ||    35
       Static Discharge  ||     5
 Abil: Rolling Charge    ||     8
  Use: Scroll            ||     4
       Potion            ||     3
Armor: Robe              ||    57
       Scale mail        ||     8
Dodge: Dodged            ||    72

Table legend: (Time is in decaauts)
 A = Elapsed time spent in this place.
 B = Non-inter-level travel time spent in this place.
 C = Inter-level travel time spent in this place.
 D = Time resting spent in this place.
 E = Time spent auto-exploring this place.
 F = Levels seen in this place.
 G = Mean time per level.
                   A        B        C        D        E       F      G
               +--------+--------+--------+--------+--------+-----+--------+
         Total |   1408 |   1388 |     20 |    201 |    824 |   2 |  704.0 |
       Dungeon |   1408 |   1388 |     20 |    201 |    824 |   2 |  704.0 |
               +--------+--------+--------+--------+--------+-----+--------+

Top non-repeatable levels by time:
     D:1: 1336 daAuts
     D:2: 71 daAuts
